 Dungeon Crawl Stone Soup version 0.24-a0-520-g8fd06ad0bc (webtiles) character file.

Game seed: 10419748496428265144

678 Gynju the Chopper (level 7, -6/56 HPs)
             Began as a Formicid Fighter on July 26, 2019.
             Was a Follower of Qazlal.
             Shot with an arrow by a centaur (10 damage)
             ... on level 6 of the Dungeon.
             The game lasted 00:08:28 (4194 turns).

Gynju the Chopper (Formicid Fighter)                Turns: 4194, Time: 00:08:28

Health: -6/56      AC:  9    Str: 26    XL:     7   Next: 91%
Magic:  8/8        EV:  7    Int:  7    God:    Qazlal [*.....]
Gold:   205        SH: 12    Dex: 10    Spells: 6/6 levels left

rFire    . . .     SeeInvis +   a - +1 war axe
rCold    . . .     Gourm    .   c - +0 shield
rNeg     . . .     Faith    +   y - +0 chain mail
rPois    .         Spirit   .   (helmet unavailable)
rElec    .         Reflect  .   h - scarf {cloud immunity}
rCorr    .         Harm     .   (no gloves)
MR       .....                  (no boots)
Stlth    ..........             p - amulet of faith
HPRegen  0.18/turn              t - +3 ring of strength
MPRegen  0.11/turn              (no ring)

@: no status effects
A: permanent stasis, dig shafts and tunnels, four strong arms, antennae 3
a: Dig, Shaft Self, Renounce Religion


You were on level 6 of the Dungeon.
You worshipped Qazlal.
Qazlal was aware of your devotion.
You were not hungry.

You visited 1 branch of the dungeon, and saw 6 of its levels.

You collected 205 gold pieces.

Inventory:

Hand Weapons
 a - a +1 war axe (weapon)
Missiles
 i - 5 boomerangs of dispersal (quivered)
 o - 20 poisoned darts
Armour
 c - a +0 shield (worn)
 h - a scarf of cloud immunity (worn)
 y - a +0 chain mail (worn)
Jewellery
 p - an amulet of faith (around neck)
 t - a +3 ring of strength (left hand)
Wands
 x - a wand of random effects (15)
 B - a wand of paralysis (9)
Scrolls
 b - a scroll of magic mapping {unknown}
 e - 3 scrolls of immolation
 g - 2 scrolls of amnesia
 m - 2 scrolls of fog
 n - 2 scrolls of identify
 q - 4 scrolls of enchant weapon
 r - 3 scrolls of teleportation
 A - a scroll of fear
 D - 2 scrolls of random uselessness {unknown}
Potions
 d - 4 potions of might
 j - 2 potions of lignification
 k - 3 potions of curing
 l - 2 potions of mutation
 s - 2 potions of flight
 u - a potion of agility
 v - a potion of heal wounds {unknown}
 w - a potion of berserk rage {unknown}
Comestibles
 f - 10 rations


   Skills:
 - Level 5.0 Fighting
 * Level 5.3 Axes
 - Level 5.0 Armour
 + Level 0.5 Dodging
 - Level 5.1 Shields
 + Level 2.3 Invocations


You had 6 spell levels left.
You didn't know any spells.
Your spell library was empty.

Dungeon Overview and Level Annotations

Branches:
Dungeon (6/15)
 Temple: D:4-7

Altars:
Ashenzari
Cheibriados
Fedhas
Kikubaaqudgha
Qazlal
Ru
Wu Jian
The Shining One

Annotations:
D:3 2 transporters, anet's ghost, amateur DEWz
D:6 Dowan


Innate Abilities, Weirdness & Mutations

You cannot be hasted, slowed, berserked, paralysed or teleported.
You can dig through walls and to a lower floor.
Your four strong arms can wield two-handed weapons with a shield.
You have a pair of large antennae on your head. (SInv)


Message History

You are too injured to fight recklessly!
You are too injured to fight recklessly!
You are too injured to fight recklessly!
You are too injured to fight recklessly!
You are too injured to fight recklessly!
You are too injured to fight recklessly!
You are too injured to fight recklessly!
You are too injured to fight recklessly!
You are too injured to fight recklessly!
You are too injured to fight recklessly!
You are too injured to fight recklessly!
You are too injured to fight recklessly!
You are too injured to fight recklessly!
You are too injured to fight recklessly!
You are too injured to fight recklessly!
You are too injured to fight recklessly!
Dowan, Brother of Duvessa comes into view.
He is wielding a +2 dagger of venom.
Dowan shouts!
The centaur shoots an arrow.
The arrow hits you!
You die...

.# ## .# #> .# .
#. $# ## #. #$ .#
... #
#.###.##.##....
..#....§.○(....$.
......##(........
........@5###....
#...#....?## [
..e.c......###
...#........#
...........#.####
......(......c...
..###.........###
. #...........#
#...........#


You could see Dowan, 2 centaurs and a crimson imp.

Vanquished Creatures
  An ogre (D:4)
  A bullfrog (D:6)
  A crimson imp (D:6)
  2 orc priests (D:5)
  2 hounds
  3 orc wizards
  An iguana (D:3)
  2 worker ants (D:4)
  A hound skeleton (D:6)
  4 gnolls (D:3)
  8 adders
  An ooze (D:5)
  2 adder zombies (D:5)
  2 worms
  3 leopard geckos
  10 orcs
  A ball python (D:2)
  7 goblins
  7 hobgoblins
  12 jackals
  7 kobolds
  A quokka (D:3)
  3 bats
  5 frilled lizards
  7 rats
94 creatures vanquished.

Notes
Turn   | Place    | Note
-------+----------+-------------------------------------------
     0 | D:1      | Gynju the Formicid Fighter began the quest for the Orb.
     0 | D:1      | Reached XP level 1. HP: 18/18 MP: 1/1
   304 | D:1      | Reached XP level 2. HP: 24/24 MP: 2/2
   380 | D:1      | You fall into a shaft and drop 1 floor!
   566 | D:1      | Reached XP level 3. HP: 24/29 MP: 3/3
  1045 | D:2      | Reached XP level 4. HP: 34/37 MP: 4/4
  1203 | D:2      | You fall into a shaft and drop 1 floor!
  1292 | D:3      | Reached XP level 5. HP: 20/42 MP: 5/5
  1682 | D:3      | Noticed anet's ghost (amateur DEWz)
  1800 | D:3      | Reached XP level 6. HP: 48/48 MP: 6/6
  2107 | D:3      | Found a transporter.
  2109 | D:3      | Noticed a sky beast
  2124 | D:3      | Found a transporter.
  2433 | D:4      | Found an ornate altar of the Wu Jian Council.
  2445 | D:4      | Found a stormy altar of Qazlal.
  2445 | D:4      | Found a blossoming altar of Fedhas.
  2445 | D:4      | Found a shattered altar of Ashenzari.
  2446 | D:4      | Found an ancient bone altar of Kikubaaqudgha.
  2446 | D:4      | Found a glowing golden altar of the Shining One.
  2450 | D:4      | Became a worshipper of Qazlal Stormbringer
  2452 | D:4      | Found a snail-covered altar of Cheibriados.
  2909 | D:4      | Noticed an ogre
  2916 | D:4      | Killed an ogre
  2916 | D:4      | Reached skill level 5 in Shields
  2916 | D:4      | Reached skill level 1 in Invocations
  2916 | D:4      | Reached XP level 7. HP: 34/55 MP: 6/8
  3171 | D:5      | Entered Level 5 of the Dungeon
  3569 | D:5      | Reached skill level 5 in Axes
  3951 | D:5      | Found a sacrificial altar of Ru.
  4171 | D:6      | Reached * piety under Qazlal
  4182 | D:6      | Reached skill level 5 in Fighting
  4193 | D:6      | Reached skill level 5 in Armour
  4194 | D:6      | Noticed Dowan
  4194 | D:6      | Shot with an arrow by a centaur

Levels and vault maps discovered:
D:1:      noname_arrival_rooms_in_the_neighbourhood, layout_basic
D:2:      layout_rooms
D:3:      layout_loops_cross, gammafunk_ghost_arena
D:4:      layout_loops_ring, minitemple, minmay_misc_feat_cross
D:5:      layout_cave_pools, old_standard_altar, first_ration
D:6:      layout_rooms, minmay_mini_ossuary, uniq_duvessa

Skill      XL: |  1  2  3  4  5  6  7 |
---------------+----------------------+-----
Shields        | 4 5 |  5.1
Axes           | 3 4 5 |  5.3
Fighting       | 4 5 |  5.0
Armour         | 4 5 |  5.0
Invocations    | 1 2 |  2.3
Dodging        | |  0.5

Action                   |  1- 3 |  4- 6 |  7- 9 || total
-------------------------+-------+-------+-------++-------
Melee: War axe           |   107 |   140 |    63 ||   310
  Use: Scroll            |       |    11 |     3 ||    14
  Eat: Chunk             |     1 |     5 |     5 ||    11
Armor: Scale mail        |    52 |    44 |     3 ||    99
       Ring mail         |       |       |     8 ||     8
       Chain mail        |       |       |     8 ||     8
Dodge: Dodged            |    37 |    57 |    26 ||   120
Block: Shield            |    67 |    80 |    38 ||   185

Table legend:
 A = Non-vault XP
 B = Vault XP
 C = Vault XP percentage of total XP
 D = Non-vault monster count
 E = Vault monster count
 F = Vault count percentage of total count
                 A         B        C        D         E       F
            +---------+---------+-------+---------+---------+-------
      Total |     969 |       0 |   0.0 |      94 |       0 |   0.0
            +---------+---------+-------+---------+---------+-------
        D:1 |      35 |       0 |   0.0 |      21 |       0 |   0.0
        D:2 |      63 |       0 |   0.0 |      18 |       0 |   0.0
        D:3 |     262 |       0 |   0.0 |      29 |       0 |   0.0
        D:4 |     247 |       0 |   0.0 |       8 |       0 |   0.0
        D:5 |     206 |       0 |   0.0 |      15 |       0 |   0.0
        D:6 |     156 |       0 |   0.0 |       3 |       0 |   0.0
            +---------+---------+-------+---------+---------+-------
